 Dungeon Crawl Stone Soup version 0.28.0-53-g5a82cb258f (webtiles) character file.

Game seed: 3109638527236295225

305 Descartes the Grasshopper (level 6, -7/44 HPs)
             Began as a Formicid Warper on June 27, 2022.
             Mangled by Descartes's ghost (9 damage)
             ... on level 3 of the Dungeon.
             The game lasted 00:06:18 (4260 turns).

Descartes the Grasshopper (Formicid Warper)         Turns: 4260, Time: 00:06:19

Health: -7/44      AC:  3    Str: 18    XL:     6   Next: 66%
Magic:  9/9        EV: 11    Int: 12    God:
Gold:   189        SH:  4    Dex: 10    Spells: 9/9 levels left

rFire   . . .      SeeInvis +   a - +0 hand axe
rCold   . . .      Faith    .   r - +0 buckler
rNeg    . . .      Spirit   .   k - +0 leather armour
rPois   .          Reflect  .   (helmet unavailable)
rElec   .          Harm     .   (no cloak)
rCorr   .          Rampage  .   (no gloves)
Will    .....                   (no boots)
Stlth   +.........              h - amulet of magic regeneration
HPRegen 0.14/turn               (no ring)
MPRegen 0.51/turn               (no ring)

@: mighty
A: permanent stasis, dig shafts and tunnels, antennae 3, four strong arms
a: Dig, Shaft Self


You were on level 3 of the Dungeon.
You visited 1 branch of the dungeon, and saw 4 of its levels.

You collected 189 gold pieces.

Inventory:

Hand Weapons
 a - a +0 hand axe (weapon)
 b - the +11 hunting sling of Broken Luck {speed, rCorr Stlth+}
   (You found it on level 2 of the Dungeon)

   Attacks with this weapon are significantly faster.
   rCorr:     It protects you from acid and corrosion.
   Stlth:     It makes you more stealthy.
Missiles
 c - 5 boomerangs of dispersal (quivered)
 l - 62 stones
 s - 39 arrows
 t - 11 sling bullets
 u - 2 poisoned darts
Armour
 k - a +0 leather armour (worn)
 r - a +0 buckler (worn)
Jewellery
 h - an amulet of magic regeneration (around neck)
Scrolls
 d - 2 scrolls of enchant weapon {unknown}
 e - a scroll of magic mapping {unknown}
 f - a scroll of amnesia {unknown}
 i - 2 scrolls of fear {unknown}
 j - 4 scrolls of teleportation {unknown}
 n - a scroll of blinking {unknown}
 o - 2 scrolls of summoning {unknown}
 q - a scroll of immolation {unknown}
Potions
 m - a potion of curing {unknown}
 p - a potion of heal wounds {unknown}


   Skills:
 - Level 2.1 Fighting
 + Level 3.2 Axes
 + Level 2.0(2.8) Slings
 + Level 2.7(3.1) Throwing
 + Level 2.9 Armour
 - Level 1.7 Dodging
 + Level 2.7 Shields
 - Level 2.1 Spellcasting
 + Level 3.5 Translocations


You had 9 spell levels left.
You didn't know any spells.
Your spell library contained the following spells:

 Spells                   Type           Power      Damage    Failure   Level
 Gell's Gravitas          Tloc           9%         N/A       26%         3
 Lesser Beckoning         Tloc           9%         N/A       26%         3
 Teleport Other           Tloc           9%         N/A       26%         3
 Ensorcelled Hibernation  Hex/Ice        2%         N/A       52%         2
 Passwall                 Tmut/Erth      0%         N/A       52%         2
 Manifold Assault         Tloc           9%         N/A       94%         5
 Blink                    Tloc           Unusable   N/A       N/A         2
 Swiftness                Air            Unusable   N/A       N/A         3

Dungeon Overview and Level Annotations

Branches:
Dungeon (4/15)
 Temple: D:4-7

Altars:
Sif Muna
Wu Jian

Shops:
D:3 !

Annotations:
D:3 Descartes's ghost, amateur TrWr


Innate Abilities, Weirdness & Mutations

You cannot be hasted, slowed, berserked, paralysed or teleported.
You can dig through walls and to a lower floor.
You have a pair of large antennae on your head. (SInv)
Your four strong arms can wield two-handed weapons with a shield.


Message History

Descartes's ghost wails.
Descartes's ghost closely misses you.
You hit Descartes's ghost but do no damage.
Descartes's ghost is lightly damaged.
Descartes's ghost hits you but does no damage.
You slash Descartes's ghost!
Descartes's ghost is moderately damaged.
Descartes's ghost hits you but does no damage.
You barely miss Descartes's ghost.
Descartes's ghost is moderately damaged.
You block Descartes's ghost's attack.
You hit Descartes's ghost.
Descartes's ghost is moderately damaged.
Descartes's ghost hits you! x2
You hit Descartes's ghost.
Descartes's ghost is moderately damaged.
Descartes's ghost hits you!
You are too injured to fight recklessly!
You are too injured to fight recklessly!
You are too injured to fight recklessly!
You are too injured to fight recklessly!
You are too injured to fight recklessly!
You are too injured to fight recklessly!
You are too injured to fight recklessly!
You are too injured to fight recklessly!
You are too injured to fight recklessly!
You are too injured to fight recklessly!
You are too injured to fight recklessly!
You are too injured to fight recklessly!
You are too injured to fight recklessly!
You are too injured to fight recklessly!
You are too injured to fight recklessly!
You barely miss Descartes's ghost.
Descartes's ghost is moderately damaged.
Descartes's ghost hits you!
* * * LOW HITPOINT WARNING * * *
It was a potion of might.
You feel very mighty all of a sudden. Descartes's ghost hits you!
You die...

#..#.#..## ###### #########
...#.#...# #....# #........
...#.#...# #....# #........
..##.##..## #....# ##........
..#...#...###....# #.........
..#._.#.#........# #....#####
..#...#....###.### #####....#
..##.##....# #.#####........##
...#.#.....# #.#@............#
.#.#.#.....# #.#W.........##.##
.#.#.#....## #.#..........##..#
.#.#'#.)..# #.#.......######'###
.#........# #.#.......# #.....
.##.......# #.#.######### #.....
..........####.#.###.....###.....
######.........#...'.....'.......
#............#.#.###.....#####.##


You could see Descartes's ghost.

Vanquished Creatures
  An ogre (D:4)
  A scorpion (D:4)
  A hound (D:4)
  5 adders
  An ufetubus (D:4)
  An adder skeleton (D:4)
  2 dart slugs
  An orc (D:4)
  4 ball pythons
  8 bats
  5 endoplasms
  A giant cockroach (D:3)
  9 goblins
  10 hobgoblins
  4 jackals (D:4)
  2 quokkas (D:3)
  2 frilled lizards
  9 kobolds
  2 rats (D:3)
69 creatures vanquished.

Notes
Turn   | Place    | Note
-------+----------+-------------------------------------------
     0 | D:1      | Descartes the Formicid Warper began the quest for the Orb.
     0 | D:1      | Reached XP level 1. HP: 16/16 MP: 3/3
   374 | D:1      | Reached XP level 2. HP: 20/22 MP: 5/5
   410 | D:1      | Found a faded altar of an unknown god.
   639 | D:1      | Reached skill level 1 in Shields
   688 | D:1      | Reached XP level 3. HP: 23/27 MP: 6/6
  1450 | D:2      | Identified the +11 hunting sling of Broken Luck {speed,
                  | rCorr Stlth+}
  2385 | D:2      | Reached XP level 4. HP: 33/33 MP: 7/7
  2584 | D:3      | Found Aluow's Distillery.
  2757 | D:3      | Found a shimmering blue altar of Sif Muna.
  3222 | D:4      | Reached skill level 1 in Slings
  3222 | D:4      | Reached XP level 5. HP: 38/38 MP: 8/8
  3245 | D:4      | Noticed Descartes's ghost (amateur TrWr)
  3245 | D:4      | Noticed an ice beast
  3306 | D:4      | Found a runed translucent gate.
  3306 | D:4      | Found a runed translucent gate.
  3306 | D:4      | Found a runed translucent gate.
  3380 | D:4      | Reached XP level 6. HP: 44/44 MP: 9/9
  3591 | D:4      | Noticed an ogre
  3596 | D:4      | Killed an ogre
  3613 | D:4      | Found an ornate altar of the Wu Jian Council.
  4259 | D:3      | HP: 2/44 [Descartes's ghost (14)]
  4260 | D:3      | Mangled by Descartes's ghost

Illustrated notes

Levels and vault maps discovered:
D:1:      beargit_arrival_diablo_church, layout_basic,
          hellmonk_ecumenical_altar_crossroads
D:2:      layout_basic, minmay_tripent
D:3:      layout_basic, mainiacjoe_overflow_surrounded_room, serial_shops,
          nicolae_shop_stone
D:4:      layout_loops_corners, nicolae_wu_jian_immortal_techniques,
          gammafunk_ghost_icy, minmay_misc_feat_diagonals

Skill      XL: |  1  2  3  4  5  6 |
---------------+-------------------+-----
Shields        | 1 2 |  2.7
Translocations | 3 |  3.5
Armour         | 2 |  2.9
Slings         | 1 2 |  2.0
Throwing       | 2 |  2.7
Axes           | 3 |  3.2
Fighting       | |  2.1
Dodging        | |  1.7
Spellcasting   | |  2.1

Action                   |  1- 3 |  4- 6 || total
-------------------------+-------+-------++-------
Melee: Hand axe          |   107 |    28 ||   135
       Punch             |     2 |       ||     2
 Fire: Hunting sling     |    14 |    52 ||    66
 Abil: Dig               |     1 |       ||     1
  Use: Potion            |       |     1 ||     1
Armor: Leather armour    |    39 |     9 ||    48
Dodge: Dodged            |    81 |    19 ||   100
Block: Buckler           |       |     9 ||     9
